AoeStats
← nearwhere

Black Forest

506676457Analyzed
4v4 RM · 16d ago on Sep 14, 2026· 55m 41s· 8 players
Game mode
Random Map
Map size
Large (8 player)
Population
200
Speed
Normal
Resources
Standard
Victory
Conquest
Starting age
Dark Age
Ending age
Imperial Age
RankedLock teamsTeams togetherTeam positionsShared explorationLock speedFull tech treeHidden civsTurbo modeCheats
Victory
Defeat
🇩🇪 Spanish · Germany
1012
+9
🇸🇪 Spanish · Sweden
926
+13
🇩🇪 Teutons · Germany
886
+14
🇩🇪 Jurchens · Germany
884
+14
🇧🇪 Spanish · Belgium
869
-13
🇨🇦 Huns · Canada
867
-13
🇫🇷 Bulgarians · France
860
-13
🇬🇧 Celts · United Kingdom
813
-11
Louis Theroux
8:31 Loom
12:24 Feudal Age
16:45 Castle Age
15:23 Double-Bit Axe
15:20 Horse Collar
19:06 Caravan
23:12 Town Watch
24:34 Gold Mining
25:30 Wheelbarrow
28:09 Bow Saw
30:26 Hand Cart
30:13 Heavy Plow
30:52 Gold Shaft Mining
30:09 Stone Mining
34:48 Imperial Age
33:06 Stone Shaft Mining
35:05 Forging
34:56 Scale Mail Armor
35:02 Scale Barding Armor
35:18 Fletching
35:33 Padded Archer Armor
36:08 Iron Casting
35:11 Heavy Scorpion
35:17 Pikeman
35:43 Arson
36:28 Leather Archer Armor
36:18 Town Patrol
36:41 Chain Barding Armor
36:36 Chain Mail Armor
37:40 Bodkin Arrow
38:16 Ring Archer Armor
37:09 Halberdier
37:36 Gambesons
37:11 Man-at-Arms
38:27 Plate Mail Armor
38:57 Blast Furnace
39:01 Chemistry
38:22 Ballistics
38:14 Fortified Wall
38:12 Siege Engineers
38:20 Masonry
38:06 Murder Holes
38:19 Husbandry
37:41 Light Cavalry
38:52 Elite Woad Raider
39:53 Conscription
39:45 Furor Celtica
39:35 Stronghold
40:21 Hoardings
39:31 Long Swordsman
39:57 Hussar
40:49 Cavalier
42:28 Onager
52:40 Two-Handed Swordsman
53:25 Champion
kriber
2:31 Loom
19:37 Feudal Age
21:19 Horse Collar
21:27 Double-Bit Axe
24:55 Fletching
27:18 Castle Age
25:58 Forging
25:53 Scale Barding Armor
25:49 Scale Mail Armor
26:08 Gold Mining
26:08 Stone Mining
26:49 Bloodlines
29:08 Caravan
29:19 Heavy Plow
29:32 Bow Saw
30:01 Gold Shaft Mining
30:21 Bodkin Arrow
31:29 Iron Casting
31:15 Chain Barding Armor
30:58 Husbandry
33:48 Wheelbarrow
34:53 Stone Shaft Mining
36:12 Hand Cart
40:42 Imperial Age
38:03 Town Watch
40:21 Stirrups
42:24 Blast Furnace
42:00 Plate Barding Armor
41:19 Elite Konnik
42:21 Conscription
42:58 Crop Rotation
46:14 Murder Holes
46:25 Siege Engineers
53:58 Pikeman
55:06 Chain Mail Armor
Barbarossa.BE
0:34 Loom
13:32 Feudal Age
15:42 Wheelbarrow
15:20 Double-Bit Axe
22:16 Horse Collar
26:03 Castle Age
27:18 Hand Cart
31:08 Bow Saw
33:42 Heavy Plow
35:09 Elite Skirmisher
39:47 Man-at-Arms
40:30 Long Swordsman
43:33 Gambesons
48:52 Imperial Age
52:38 Pikeman
53:19 Squires
53:20 Halberdier
Marshall
13:00 Feudal Age
14:00 Double-Bit Axe
15:16 Horse Collar
20:42 Castle Age
19:10 Stone Mining
19:15 Gold Mining
19:52 Padded Archer Armor
20:00 Fletching
21:38 Heavy Plow
21:52 Bow Saw
24:04 Thumb Ring
24:51 Gold Shaft Mining
25:03 Bodkin Arrow
26:38 Caravan
27:59 Ballistics
31:46 Coinage
34:23 Imperial Age
32:37 Bloodlines
33:48 Leather Archer Armor
34:28 Wheelbarrow
35:33 Bracer
36:39 Parthian Tactics
36:29 Light Cavalry
37:41 Heavy Cavalry Archer
39:40 Conscription
40:37 Banking
40:17 Guilds
39:45 Elite Tarkan
42:24 Two-Man Saw
41:08 Hussar
42:58 Husbandry
46:29 Atheism
45:46 Cavalier
47:57 Scale Barding Armor
52:06 Paladin
madmax
0:29 Loom
13:58 Feudal Age
14:52 Double-Bit Axe
15:53 Horse Collar
17:27 Wheelbarrow
17:15 Gold Mining
17:18 Stone Mining
23:05 Castle Age
21:19 Fletching
22:41 Padded Archer Armor
24:06 Bodkin Arrow
24:43 Bow Saw
24:36 Heavy Plow
25:25 Hand Cart
25:33 Leather Archer Armor
26:55 Elite Skirmisher
28:21 Gold Shaft Mining
28:25 Stone Shaft Mining
30:59 Fortified Bastions
32:20 Fortified Wall
32:46 Ballistics
32:57 Scale Barding Armor
34:35 Chain Barding Armor
35:25 Forging
36:47 Iron Casting
40:56 Imperial Age
38:41 Caravan
38:24 Treadmill Crane
39:21 Husbandry
39:36 Bloodlines
40:03 Murder Holes
40:19 Masonry
40:50 Light Cavalry
42:17 Plate Barding Armor
42:43 Blast Furnace
42:05 Conscription
43:10 Two-Man Saw
42:56 Crop Rotation
42:36 Elite Iron Pagoda
43:30 Town Watch
44:51 Chemistry
43:58 Siege Engineers
45:00 Hoardings
44:41 Elite Steppe Lancer
46:43 Architecture
49:57 Bracer
50:28 Ring Archer Armor
50:12 Thunderclap Bombs
49:33 Sappers
49:43 Heavy Rocket Cart
52:40 Devotion
52:42 Scale Mail Armor
nearwhere
2:26 Loom
12:56 Feudal Age
17:08 Castle Age
15:47 Double-Bit Axe
15:44 Horse Collar
19:11 Bow Saw
22:56 Heavy Plow
25:01 Gold Mining
25:48 Town Watch
31:08 Wheelbarrow
30:19 Town Watch
33:36 Imperial Age
31:22 Stone Mining
34:41 Conscription
35:03 Fletching
35:14 Padded Archer Armor
36:37 Chemistry
35:58 Ballistics
36:03 Bodkin Arrow
35:33 Elite Skirmisher
36:19 Thumb Ring
37:48 Leather Archer Armor
37:36 Bracer
37:49 Bloodlines
37:40 Husbandry
37:01 Light Cavalry
39:22 Ring Archer Armor
38:59 Scale Barding Armor
39:05 Forging
39:28 Hussar
42:35 Two-Man Saw
42:22 Chain Barding Armor
42:39 Iron Casting
43:51 Hand Cart
43:28 Cavalier
45:11 Plate Barding Armor
45:37 Blast Furnace
44:46 Paladin
48:15 Town Patrol
50:52 Caravan
52:27 Elite Conquistador
EveningSwan
1:04 Loom
15:59 Feudal Age
18:00 Double-Bit Axe
17:55 Horse Collar
24:29 Castle Age
23:22 Fletching
23:47 Gold Mining
23:49 Stone Mining
27:20 Bloodlines
27:11 Husbandry
29:43 Heavy Plow
30:30 Wheelbarrow
36:27 Imperial Age
35:25 Bow Saw
37:08 Forging
37:03 Scale Barding Armor
37:01 Padded Archer Armor
37:33 Conscription
36:43 Cavalier
37:46 Caravan
39:52 Chemistry
38:51 Murder Holes
40:45 Elite Conquistador
43:41 Chain Barding Armor
44:40 Paladin
48:15 Man-at-Arms
48:41 Gambesons
48:57 Squires
49:23 Long Swordsman
50:47 Hand Cart
50:59 Two-Handed Swordsman
baeda-frank-tsg
0:31 Loom
12:04 Feudal Age
12:58 Double-Bit Axe
15:05 Wheelbarrow
20:02 Castle Age
19:38 Gold Mining
20:48 Wheelbarrow
21:06 Bow Saw
25:21 Caravan
26:16 Horse Collar
27:10 Pikeman
28:50 Hand Cart
30:20 Fletching
30:30 Padded Archer Armor
30:33 Scale Mail Armor
30:44 Forging
31:22 Bodkin Arrow
32:19 Stone Mining
36:20 Imperial Age
34:08 Chain Mail Armor
34:32 Iron Casting
35:42 Leather Archer Armor
35:41 Town Watch
36:09 Heavy Plow
36:25 Fortified Wall
36:37 Ballistics
38:06 Chemistry
36:43 Onager
37:47 Conscription
37:11 Halberdier
39:16 Plate Mail Armor
39:47 Blast Furnace
39:10 Siege Engineers
39:36 Squires
40:19 Masonry
40:43 Ring Archer Armor
41:34 Two-Man Saw
41:08 Crop Rotation
41:15 Elite Teutonic Knight
43:01 Siege Onager
53:56 Heavy Scorpion
Connection lost

Rejoining the realm…

Still unreachable

The connection could not be restored.

Session expired

The server has moved on; the page needs a fresh start.